[Event "Titled Tuesday Blitz July 13 2021"]
[White "Maly, Alexey"]
[Black "Grebeniuk, Semen"]
[WhiteFideId "14103184"]
[BlackFideId "14117509"]
[WhiteElo "2285"]
[BlackElo "2232"]
[Result "1-0"]
[Round "09"]
[TimeControl "180+1"]
[Date "2021.07.13"]
[WhiteClock "0:00:09"]
[BlackClock "0:00:15"]

1. d4 f5 2. c4 Nf6 3. Nf3 d6 4. g3 g6 5. Bg2 Bg7 6. O-O O-O 7. b3 a5 8. Bb2 c6 9. Nbd2 Na6 10. a3 Qc7 11. Qc2 Re8 12. e4 e5 13. dxe5 dxe5 14. exf5 Bxf5 15. Qc3 Nc5 16. Nh4 Nfe4 17. Nxe4 Bxe4 18. Bxe4 Nxe4 19. Qe3 Nd6 20. Rae1 Nf7 21. Nf3 e4 22. Bxg7 Kxg7 23. Ng5 Nxg5 24. Qxg5 Re5 25. Qe3 Rae8 26. Qc3 Kg8 27. Re3 Qe7 28. b4 axb4 29. axb4 h5 30. h4 Qe6 31. Rfe1 Qf5 32. R1e2 Qh3 33. Qd4 Qf5 34. Kg2 R8e7 35. Qd8+ Kg7 36. Qd6 Kh7 37. Qd4 Qf3+ 38. Kg1 Qf5 39. Kg2 Qf3+ 40. Kh2 Qf5 41. Kg1 R5e6 42. Ra2 b5 43. Ra8 Rf6 44. Re2 Ref7 45. Qd8 Rf8 46. Ra7+ R8f7 47. Rxf7+ Rxf7 48. cxb5 cxb5 49. Qd4 Re7 50. Qe3 Qd5 51. Rd2 Qf5 52. Rd8 Rf7 53. Qd4 Qf6 54. Qxf6 Rxf6 55. Rd5 Rb6 56. Re5 Kg7 57. Rxe4 Kf6 58. Kg2 Kf5 59. Kf3 Rc6 60. Rf4+ Ke5 61. Re4+ Kf5 62. Rf4+ Ke5 63. Ke3 Rc3+ 64. Kd2 Rb3 65. Kc2 Ra3 66. Kb2 Rd3 67. Kc2 Ra3 68. Rf8 Ra2+ 69. Kb3 Rd2 70. Rb8 Rd3+ 71. Kc2 Rd5 72. Rb6 Kf5 73. Kc3 Re5 74. Rc6 Ke4 75. Rxg6 Rf5 76. Rg5 Rxf2 77. Rxh5 Rf3+ 78. Kc2 Rxg3 79. Rxb5 Rh3 80. h5 Kd4 81. Rc5 Rg3 82. Kb2 Rh3 83. Ka2 Rg3 84. h6 Rh3 85. Rc6 Kd5 86. b5 Rh4 87. Ka3 Rh1 88. Kb4 Rb1+ 89. Ka5 Ra1+ 90. Kb6 Rh1 91. Rg6 Rh5 92. Ka6 Kc4 93. b6 Rh1 94. Kb7 Kb5 95. Kc7 Rc1+ 96. Kb7 Rf1 97. Rg5+ Ka4 98. Rh5 Rf7+ 99. Kc6 Rf6+ 100. Kc7 Rf7+ 101. Kd6 Rf6+ 102. Ke7 Rxb6 103. h7 Rb7+ 104. Kf8 Rb8+ 105. Ke7 Rb7+ 106. Kf6 Rb6+ 107. Kg5 Rb5+ 108. Kg4 Rb4+ 109. Kf3 Rb3+ 110. Ke2 Rb2+ 111. Kd1 Rb1+ 112. Kc2 Rb8 113. h8=Q Rc8+ 114. Qxc8 Kb4 115. Rh7 1-0


[Site "https://www.chess.com"]

[Event "Titled Tuesday Blitz July 13 2021"]
[White "Martinez Reyes, Pedro Ramon"]
[Black "Stribuk, Artiom"]
[WhiteFideId "3901807"]
[BlackFideId "13515659"]
[WhiteElo "2398"]
[BlackElo "2224"]
[Result "1-0"]
[Round "09"]
[TimeControl "180+1"]
[Date "2021.07.13"]
[WhiteClock "0:00:57"]
[BlackClock "0:00:01"]

1. d4 Nf6 2. c4 g6 3. Nc3 d5 4. cxd5 Nxd5 5. Bd2 Bg7 6. Nf3 O-O 7. e3 c5 8. dxc5 Nxc3 9. Bxc3 Bxc3+ 10. bxc3 Qa5 11. Qb3 Nd7 12. Be2 Nxc5 13. Qb4 Qc7 14. O-O Bf5 15. Nd4 Bd7 16. Rfd1 Rac8 17. Nb3 Be6 18. Nxc5 Qxc5 19. Qxb7 Rc7 20. Qb4 Qxc3 21. Qxc3 Rxc3 22. a4 Rb8 23. a5 Rb2 24. Bf1 Rcc2 25. f3 Bc4 26. Rdc1 Bxf1 27. Rxc2 Rxc2 28. Kxf1 e6 29. a6 h5 30. h4 Kg7 31. Ra5 Rc6 32. Kf2 Rb6 33. Kg3 Kf6 34. Kf4 e5+ 35. Rxe5 Rxa6 36. Rc5 Rb6 37. e4 Rb8 38. e5+ Ke6 39. Rc6+ Kd5 40. Rd6+ Kc5 41. Rd7 Ra8 42. Rxf7 a5 43. Kg5 a4 44. Rc7+ Kd5 45. f4 a3 46. Rc1 Ra6 47. Ra1 Ke4 48. g4 hxg4 49. Kxg4 a2 50. Kg5 Kf3 51. f5 gxf5 52. Kxf5 Kg3 53. h5 Kh4 54. h6 Rxh6 55. e6 Rh8 56. Rxa2 Rb8 57. Kf6 Kh5 58. e7 Rc8 59. Re2 1-0


[Site "https://www.chess.com"]

[Event "Titled Tuesday Blitz July 13 2021"]
[White "Matinian, Nikita"]
[Black "Terry, Renato"]
[WhiteFideId "24129100"]
[BlackFideId "3803457"]
[WhiteElo "2643"]
[BlackElo "2972"]
[Result "1/2-1/2"]
[Round "09"]
[TimeControl "180+1"]
[Date "2021.07.13"]
[WhiteClock "0:00:03"]
[BlackClock "0:00:24"]

1. e4 e6 2. d4 d5 3. Nc3 Nf6 4. Bg5 Bb4 5. e5 h6 6. Bc1 Ne4 7. Ne2 Nxc3 8. Nxc3 Be7 9. Qg4 g6 10. Be3 a6 11. h4 c5 12. dxc5 Nc6 13. h5 g5 14. O-O-O Nxe5 15. Qg3 Nc6 16. f4 Qa5 17. fxg5 hxg5 18. h6 Bd7 19. Bxg5 Qxc5 20. Bxe7 Qxe7 21. h7 O-O-O 22. Bd3 f5 23. Bxf5 exf5 24. Nxd5 Qe5 25. Qxe5 Nxe5 26. Ne7+ Kc7 27. Rde1 Kd6 28. Rh6+ Kxe7 29. Rxe5+ Kf7 30. Rd5 Ke7 31. Re5+ Kf8 32. Rd5 Kf7 33. b3 f4 34. Kb2 Ke7 35. Re5+ Kf7 36. Rd5 b5 37. a3 a5 38. b4 a4 39. c3 Ke7 40. Re5+ Kf7 41. Rd5 Ke8 42. Re5+ Kf8 43. Rd5 Kf7 44. Kc1 Ke7 45. Re5+ Kf7 46. Rd5 Ke8 47. Re5+ Kf8 48. Rd5 Kf7 49. Kb2 1/2-1/2


[Site "https://www.chess.com"]

[Event "Titled Tuesday Blitz July 13 2021"]
[White "McDonald, Mike"]
[Black "Musovic, Armin"]
[WhiteFideId "2635682"]
[BlackFideId "939935"]
[WhiteElo "2436"]
[BlackElo "2250"]
[Result "0-1"]
[Round "09"]
[TimeControl "180+1"]
[Date "2021.07.13"]
[WhiteClock "0:00:01"]
[BlackClock "0:00:20"]

1. e4 c6 2. d4 d5 3. exd5 cxd5 4. c4 Nc6 5. cxd5 Qxd5 6. Nf3 e5 7. Nc3 Bb4 8. Bd2 Bxc3 9. Bxc3 e4 10. Ne5 Nxe5 11. dxe5 Ne7 12. Qa4+ Bd7 13. Qb4 a5 14. Qa3 Bc6 15. Rd1 Qe6 16. Rd6 Qf5 17. Be2 O-O 18. O-O Ng6 19. Qc5 Rac8 20. Rfd1 Nf4 21. Bf1 h5 22. Qe3 Ng6 23. e6 fxe6 24. Bc4 Nf4 25. Kh1 Bd5 26. Rd7 Rf7 27. Rxf7 Kxf7 28. Qg3 Qg4 29. Qxg4 hxg4 30. Bb5 Rh8 31. g3 e3+ 32. Rxd5 Nxd5 33. Bd4 exf2 34. Bxf2 Rc8 35. Bd3 Nb4 36. Be4 Nxa2 37. Bxb7 Rc2 0-1


[Site "https://www.chess.com"]

[Event "Titled Tuesday Blitz July 13 2021"]
[White "Mezentsev, Ivan"]
[Black "Vovk, Orest"]
[WhiteFideId "13706195"]
[BlackFideId "14113490"]
[WhiteElo "2295"]
[BlackElo "2203"]
[Result "0-1"]
[Round "09"]
[TimeControl "180+1"]
[Date "2021.07.13"]
[WhiteClock "0:00:03"]
[BlackClock "0:00:10"]

1. d4 Nc6 2. Nf3 d6 3. d5 Ne5 4. Nxe5 dxe5 5. g3 e6 6. c4 exd5 7. cxd5 Bb4+ 8. Nc3 Bd7 9. Bg2 Nf6 10. O-O O-O 11. Qb3 a5 12. a3 Bd6 13. Qxb7 Qb8 14. Qxb8 Rfxb8 15. Ra2 Rb3 16. Ne4 Rab8 17. Nd2 R3b5 18. e4 Rc5 19. b3 Rc3 20. Re1 Bc5 21. h3 Rxg3 22. Kf1 Rc3 23. Nf3 Bxh3 24. Nxe5 Bxg2+ 25. Kxg2 Rbxb3 26. Bf4 Bd6 27. Bh2 Rh3 28. Rh1 Rxh2+ 29. Rxh2 Bxe5 30. Rh1 h5 31. Re1 g5 32. Rc2 h4 33. Rc5 Rxa3 34. Rb5 h3+ 35. Kh1 g4 36. d6 cxd6 37. Rb8+ Kg7 38. Rb7 Kg6 39. Rb3 Rxb3 0-1


[Site "https://www.chess.com"]

[Event "Titled Tuesday Blitz July 13 2021"]
[White "Nakamura, Hikaru"]
[Black "Vasquez Schroeder, Rodrigo"]
[WhiteFideId "2016192"]
[BlackFideId "3400042"]
[WhiteElo "3223"]
[BlackElo "2753"]
[Result "1-0"]
[Round "09"]
[TimeControl "180+1"]
[Date "2021.07.13"]
[WhiteClock "0:00:56"]
[BlackClock "0:00:15"]

1. e4 c5 2. Nf3 Nc6 3. d4 cxd4 4. Nxd4 Nf6 5. Nc3 e5 6. Ndb5 d6 7. Bg5 a6 8. Na3 b5 9. Nd5 Be7 10. Bxf6 Bxf6 11. c4 b4 12. Nc2 a5 13. g3 g6 14. h4 h5 15. Bh3 Bb7 16. Qd2 Bg7 17. O-O O-O 18. Bg2 Nb8 19. Rad1 Nd7 20. b3 Nc5 21. Nce3 Bh6 22. Qe2 Ne6 23. Nc2 Ra6 24. Kh2 Nc5 25. Ne1 Ne6 26. Nf3 Kh7 27. Rfe1 Nc5 28. Qc2 Bc8 29. Bh3 Bg4 30. Bxg4 hxg4 31. Ng1 Kg7 32. f3 gxf3 33. Nxf3 Qd7 34. Kg2 Qg4 35. Nh2 Qd7 36. Rf1 f5 37. exf5 gxf5 38. Qe2 Ra7 39. g4 fxg4 40. Rxf8 Kxf8 41. Rf1+ Kg7 42. Nxg4 Ne6 43. Nxe5 Qe8 44. Qg4+ Kh8 45. Ng6+ Kg7 46. Nge7+ Kh8 47. Qxe6 1-0


[Site "https://www.chess.com"]

[Event "Titled Tuesday Blitz July 13 2021"]
[White "Nasyrova, Ekaterina"]
[Black "Przybylski, Wojciech"]
[WhiteFideId "44157797"]
[BlackFideId "1117599"]
[WhiteElo "2115"]
[BlackElo "2317"]
[Result "0-1"]
[Round "09"]
[TimeControl "180+1"]
[Date "2021.07.13"]
[WhiteClock "0:01:04"]
[BlackClock "0:00:56"]

1. d4 Nf6 2. c4 g6 3. g3 d5 4. cxd5 Nxd5 5. Bg2 Bg7 6. Nc3 Nb6 7. Nf3 O-O 8. e3 Nc6 9. O-O e5 10. d5 Ne7 11. e4 Nc4 12. Qe2 Nd6 13. Rd1 a5 14. Bg5 h6 15. Be3 b6 16. Rac1 Ba6 17. Qe1 Nc4 18. b3 Nd6 19. Qd2 Kh7 20. Nh4 f5 21. exf5 gxf5 22. f4 e4 23. Bd4 Ng8 24. Bxg7 Kxg7 25. Ne2 Bxe2 26. Qxe2 Rf7 27. Rc6 Ne7 28. Rc2 Ng6 29. Qd2 Nxh4 30. gxh4 Qxh4 31. Kh1 Kh7 32. Rdc1 Rc8 33. Rc6 Qf6 34. Bf1 Qg7 35. Rxd6 Rg8 36. Bh3 cxd6 37. Qe3 Rc7 38. Rc6 Rxc6 39. dxc6 Qa1+ 0-1


[Site "https://www.chess.com"]

[Event "Titled Tuesday Blitz July 13 2021"]
[White "Navalgund, Niranjan"]
[Black "Semcesen, Daniel"]
[WhiteFideId "5030854"]
[BlackFideId "1706993"]
[WhiteElo "2290"]
[BlackElo "2505"]
[Result "0-1"]
[Round "09"]
[TimeControl "180+1"]
[Date "2021.07.13"]
[WhiteClock "0:01:47"]
[BlackClock "0:00:59"]

1. e4 e5 2. Nf3 Nc6 3. Nc3 Nf6 4. Nxe5 Nxe5 5. d4 Nc6 6. d5 Bb4 7. dxc6 O-O 8. Bd3 bxc6 9. O-O d5 10. e5 Ng4 11. Bf4 f6 12. exf6 Nxf6 13. Ne2 Bd6 14. Bg3 Rb8 15. b3 Ne4 16. Bxd6 Nxd6 17. Nd4 Bd7 18. Qh5 g6 19. Bxg6 hxg6 20. Qxg6+ Kh8 21. Qh6+ Kg8 22. Qg6+ Kh8 23. f3 Qf6 24. Qh5+ Kg8 25. Rad1 Rbe8 26. f4 Re4 27. Rf3 Rf7 28. Rg3+ Rg7 29. Rxg7+ Qxg7 30. Nf3 Bg4 31. Qh4 Bxf3 32. Rd2 Qa1+ 33. Kf2 Qe1+ 34. Kxf3 Qxh4 0-1


[Site "https://www.chess.com"]

[Event "Titled Tuesday Blitz July 13 2021"]
[White "Nguyen, Hong Ngoc"]
[Black "Novoselski, Zoran"]
[WhiteFideId "12403083"]
[BlackFideId "901970"]
[WhiteElo "1830"]
[BlackElo "2327"]
[Result "0-1"]
[Round "09"]
[TimeControl "180+1"]
[Date "2021.07.13"]
[WhiteClock "0:00:17"]
[BlackClock "0:01:12"]

1. e4 d6 2. Nc3 Nf6 3. d4 e5 4. Nf3 Nbd7 5. Bc4 Be7 6. O-O O-O 7. h3 c6 8. a4 b6 9. d5 c5 10. Re1 a6 11. Qd3 Re8 12. g3 Nf8 13. Kh2 h6 14. Rb1 N6h7 15. b4 cxb4 16. Rxb4 Qc7 17. Be3 Nd7 18. Reb1 Nc5 19. Bxc5 bxc5 20. Rb6 Bd8 21. Rc6 Qd7 22. Rxc8 Qxc8 23. Ne2 Ng5 24. Nfg1 Rf8 25. h4 Nh7 26. f4 exf4 27. Nxf4 Nf6 28. Nf3 Ng4+ 29. Kg2 Bf6 30. Rb6 Qd7 31. Rc6 Ne5 32. Nxe5 Bxe5 33. Ne2 f5 34. exf5 Rxf5 35. Bxa6 Raf8 36. Qe3 Qf7 37. Qe4 Rf2+ 38. Kh3 Qd7+ 39. Qg4 Rh2+ 40. Kxh2 Qxg4 0-1


[Site "https://www.chess.com"]

[Event "Titled Tuesday Blitz July 13 2021"]
[White "Nguyen Hong Nhung"]
[Black "Tong, Hai Anh"]
[WhiteFideId "12412201"]
[BlackFideId "12412805"]
[WhiteElo "1661"]
[BlackElo "1467"]
[Result "0-1"]
[Round "09"]
[TimeControl "180+1"]
[Date "2021.07.13"]
[WhiteClock "0:00:04"]
[BlackClock "0:00:12"]

1. e4 c6 2. d4 d5 3. f3 dxe4 4. fxe4 e5 5. Nf3 Nd7 6. Bc4 Ngf6 7. O-O Bd6 8. dxe5 Nxe5 9. Nxe5 Bxe5 10. Qxd8+ Kxd8 11. Bg5 Ke7 12. c3 Be6 13. Nd2 h6 14. Bxf6+ gxf6 15. Bxe6 fxe6 16. Nc4 Bc7 17. Rad1 Rad8 18. g3 Rxd1 19. Rxd1 Rg8 20. Kf2 b5 21. Nd2 h5 22. Nf3 a5 23. Kg2 c5 24. Kh3 a4 25. Kh4 Rg4+ 26. Kxh5 Rxe4 27. Rd2 Ba5 28. g4 Re3 29. Rf2 a3 30. bxa3 Bxc3 31. h4 Bd4 32. Nxd4 cxd4 33. Kg6 d3 34. h5 Rg3 0-1


[Site "https://www.chess.com"]

[Event "Titled Tuesday Blitz July 13 2021"]
[White "Nozdrachev, Leonid"]
[Black "Wong, Yinn Long"]
[WhiteFideId "24113433"]
[BlackFideId "5707684"]
[WhiteElo "2221"]
[BlackElo "2016"]
[Result "0-1"]
[Round "09"]
[TimeControl "180+1"]
[Date "2021.07.13"]
[WhiteClock "0:00:07"]
[BlackClock "0:00:05"]

1. e4 c5 2. c3 g6 3. d4 cxd4 4. Qxd4 Nf6 5. f4 Nc6 6. Qd3 d6 7. Nf3 Bg7 8. Be3 Ng4 9. Bg1 O-O 10. Nbd2 Be6 11. h3 Nf6 12. g4 d5 13. f5 dxe4 14. Nxe4 Qxd3 15. Bxd3 Bd5 16. Nxf6+ Bxf6 17. Kf2 Bh4+ 18. Ke3 Rad8 19. Be4 Bg3 20. Bh2 Bxh2 21. Rxh2 Bxe4 22. Kxe4 f6 23. Re2 Kf7 24. Rae1 Rd7 25. fxg6+ hxg6 26. h4 Rh8 27. Kf4 e5+ 28. Kg3 Rd3 29. Re3 Rxe3 30. Rxe3 Ke6 31. b4 a5 32. b5 Ne7 33. c4 Rc8 34. Re4 Kd6 35. g5 f5 36. Rxe5 Rxc4 37. Re1 Rg4+ 38. Kf2 Rf4 39. Rd1+ Ke6 40. Ke3 Re4+ 41. Kf2 Rb4 42. Re1+ Kd6 43. Rd1+ Nd5 44. Rh1 Rb2+ 45. Kg3 f4+ 46. Kh3 Rxb5 47. h5 gxh5 48. Kh4 Ne7 49. Kxh5 Rb2 50. Rd1+ Ke6 51. Re1+ Kf7 52. Ne5+ Kg7 53. Ng4 Nf5 54. Nf6 Ne3 55. Rc1 Rh2# 0-1


[Site "https://www.chess.com"]

[Event "Titled Tuesday Blitz July 13 2021"]
[White "Omariev, Maksim"]
[Black "Manukyan, Artyom"]
[WhiteFideId "4193423"]
[BlackFideId "13305786"]
[WhiteElo "2388"]
[BlackElo "2034"]
[Result "1-0"]
[Round "09"]
[TimeControl "180+1"]
[Date "2021.07.13"]
[WhiteClock "0:00:03"]
[BlackClock "0:00:02"]

1. g4 d5 2. Bg2 c6 3. g5 h6 4. g6 fxg6 5. d4 Nf6 6. Nf3 Bf5 7. c4 e6 8. Nc3 Bb4 9. Bd2 Bxc3 10. Bxc3 Ne4 11. Qb3 Qb6 12. Qa3 Nd7 13. Rc1 Qa6 14. Qxa6 bxa6 15. Bb4 Rb8 16. Ba3 Nb6 17. cxd5 cxd5 18. Ne5 Nd7 19. Nc6 Rc8 20. Bxe4 Bxe4 21. f3 Nb8 22. fxe4 Rxc6 23. Kd2 dxe4 24. Ke3 Kd7 25. Rcg1 g5 26. Kxe4 a5 27. h4 Na6 28. hxg5 h5 29. g6 Nb4 30. Rg5 Rc2 31. Rxa5 Nc6 32. Raxh5 Rxh5 33. Rxh5 Rxe2+ 34. Kd3 Rg2 35. Rh7 Rxg6 36. Bf8 Ke8 37. Bxg7 Rg2 38. Bf6 Rg3+ 39. Kc4 Rg2 40. Kc5 Rc2+ 41. Kd6 Nb4 42. Re7+ Kf8 43. Rxa7 Nd3 44. b3 Re2 45. Be5 Nb4 46. Kxe6 Nd3 47. Ra8# 1-0


[Site "https://www.chess.com"]

[Event "Titled Tuesday Blitz July 13 2021"]
[White "Omk124"]
[Black "Araujo Filho, Luiz Antonio Coel"]
[BlackFideId "2130661"]
[WhiteElo "2566"]
[BlackElo "2249"]
[Result "0-1"]
[Round "09"]
[TimeControl "180+1"]
[Date "2021.07.13"]
[WhiteClock "0:00:20"]
[BlackClock "0:00:12"]

1. e4 c6 2. c4 d5 3. exd5 cxd5 4. cxd5 Nf6 5. Nc3 Nxd5 6. Nf3 e6 7. d4 Be7 8. Bd3 O-O 9. O-O b6 10. Nxd5 Qxd5 11. Qc2 Bb7 12. Re1 Nc6 13. Bxh7+ Kh8 14. Be4 Qd6 15. a3 Rfd8 16. Ne5 Nxe5 17. Bxb7 Ng4 18. Bxa8 Qxh2+ 19. Kf1 Bh4 20. Bf3 Bxf2 21. Bxg4 Qg1+ 22. Ke2 Qxe1+ 23. Kf3 Bxd4 24. Qe2 Qh4 25. Bf4 f5 26. Qxe6 Qxg4# 0-1


[Site "https://www.chess.com"]

[Event "Titled Tuesday Blitz July 13 2021"]
[White "Ozen, Bahadir"]
[Black "Zhigalko, Sergei"]
[WhiteFideId "6337058"]
[BlackFideId "13502956"]
[WhiteElo "2707"]
[BlackElo "2923"]
[Result "0-1"]
[Round "09"]
[TimeControl "180+1"]
[Date "2021.07.13"]
[WhiteClock "0:00:01"]
[BlackClock "0:00:03"]

1. d4 Nf6 2. Nf3 e6 3. e3 b6 4. Bd3 Bb7 5. O-O d5 6. c4 Bd6 7. cxd5 exd5 8. b3 Qe7 9. Bb2 O-O 10. Qc1 Nbd7 11. Ba3 c5 12. Nc3 Rac8 13. Qb2 Rfe8 14. Ne2 g6 15. Rac1 Rc7 16. Rfd1 Rec8 17. Ng3 c4 18. Bxd6 Qxd6 19. bxc4 dxc4 20. Bb1 c3 21. Qe2 Qa3 22. e4 Ba6 23. Qe3 Nf8 24. h3 Bb5 25. Qg5 Ba4 26. Re1 Ne8 27. Bd3 c2 28. Ba6 Rb8 29. Nf5 Ne6 30. Nh6+ Kg7 31. Nf5+ Kh8 32. Qh6 Qf8 33. Qxf8+ Nxf8 34. Ne3 Ne6 35. Bf1 Rd8 36. Nd5 Rcd7 37. Ne5 Nxd4 38. Nxd7 Rxd7 39. Nc3 Bc6 40. Re3 Nd6 41. Rd3 Nxe4 42. Nxe4 Bxe4 43. Rc3 Kg7 44. f3 Bf5 45. Kf2 h5 46. a4 h4 47. Ke3 Kf6 48. Rc4 Ne6 49. R4xc2 Bxc2 50. Rxc2 Rc7 51. Rd2 Rc3+ 52. Kf2 Ra3 53. Bb5 Nc5 54. Rd6+ Kg7 55. Rd4 Ra2+ 56. Kg1 g5 57. Rg4 Kh6 58. Rd4 Ne6 59. Rd7 Nf4 60. Bf1 Rxa4 61. Rxf7 Kg6 62. Rb7 Kf6 63. Kf2 Ra2+ 64. Ke3 Ra3+ 65. Kd4 Ra4+ 66. Ke3 Ra1 67. Bc4 Nxg2+ 68. Kd4 Nf4 69. Rf7+ Kg6 70. Rd7 Ra5 71. Rd6+ Kg7 72. Rd7+ Kf6 73. Rb7 Ne6+ 74. Ke3 Ra3+ 75. Kd2 Nf4 76. Rf7+ Kg6 77. Rd7 Nxh3 78. Rd6+ Kg7 79. Rd7+ Kf6 80. Rd6+ Ke7 81. Rg6 Kd7 82. Be6+ Ke7 83. Bxh3 Rxf3 84. Bg4 Rg3 85. Rxg5 Kf6 86. Rf5+ Kg6 87. Rf7 Kxf7 0-1


[Site "https://www.chess.com"]

[Event "Titled Tuesday Blitz July 13 2021"]
[White "Pajeken, Jakob Leon"]
[Black "Piesik, Piotr"]
[WhiteFideId "12942839"]
[BlackFideId "1136194"]
[WhiteElo "2231"]
[BlackElo "2354"]
[Result "0-1"]
[Round "09"]
[TimeControl "180+1"]
[Date "2021.07.13"]
[WhiteClock "0:00:03"]
[BlackClock "0:01:07"]

1. d4 c5 2. e4 cxd4 3. Nf3 d6 4. Nxd4 Nf6 5. Nc3 a6 6. Be3 e5 7. Nf3 h6 8. Bc4 Nc6 9. O-O Be7 10. Re1 O-O 11. Nd5 Nxd5 12. Bxd5 Be6 13. c4 Rc8 14. Rc1 Qd7 15. a3 Kh7 16. Qd2 f5 17. Bxe6 Qxe6 18. exf5 Rxf5 19. b4 Rcf8 20. b5 axb5 21. cxb5 Nd8 22. Qc2 Qg6 23. Bb6 Ne6 24. Kh1 Nf4 25. g3 Nh3 26. Kg2 Nf4+ 27. Kh1 Nd5 28. Nd4 exd4 29. Bxd4 Bf6 30. Bxf6 R5xf6 31. Qxg6+ Kxg6 32. f4 Ra8 33. Red1 Ne3 34. Rd3 Ng4 35. Kg2 Re6 36. h3 Nf6 37. g4 Re2+ 38. Kf3 Rh2 39. Kg3 Ra2 40. f5+ Kh7 41. Kh4 R2xa3 42. Rxd6 Ne4 43. Rd7 Nf2 44. g5 Rxh3# 0-1


[Site "https://www.chess.com"]

[Event "Titled Tuesday Blitz July 13 2021"]
[White "Papasimakopoulos, Alexandros"]
[Black "Ghazarian, Kirk"]
[WhiteFideId "4244125"]
[BlackFideId "30908604"]
[WhiteElo "2352"]
[BlackElo "2003"]
[Result "0-1"]
[Round "09"]
[TimeControl "180+1"]
[Date "2021.07.13"]
[WhiteClock "0:00:13"]
[BlackClock "0:00:09"]

1. d4 Nf6 2. c4 g6 3. Nc3 d6 4. e4 Bg7 5. f3 O-O 6. Nge2 c5 7. d5 e6 8. Ng3 h5 9. Bg5 Qb6 10. Qd2 Nh7 11. Bh4 Nd7 12. Be2 g5 13. Bxg5 Nxg5 14. Qxg5 Qxb2 15. Rc1 f6 16. Qe3 f5 17. dxe6 f4 18. Qd2 Qxd2+ 19. Kxd2 Ne5 20. Nxh5 Bxe6 21. Nxg7 Kxg7 22. Ke1 a6 23. Kf2 Bxc4 24. Rhd1 Bxe2 25. Kxe2 Rad8 26. a4 Kf7 27. Rb1 Rd7 28. Rb6 Ke6 29. Nd5 Nc6 30. Kf2 Nd4 31. Rdb1 Rff7 32. Rc1 Ke5 33. a5 Rh7 34. h3 Rhg7 35. Rh1 Rg3 36. h4 Rdg7 37. Rh2 Nb5 38. h5 c4 39. h6 Rh7 40. Rh5+ Kd4 41. Nxf4 Rg8 42. Ne2+ Kd3 43. e5 d5 44. e6 d4 45. e7 Rxe7 46. Nf4+ Kc2 47. h7 Rh8 48. Rbh6 d3 49. Ng6 d2 50. Nxh8 d1=Q 51. Kg3 Qe1+ 52. Kh2 Rxh7 53. Rxh7 c3 54. Rc5 Qe3 55. Rc8 Qf4+ 56. Kh1 Kb2 57. Rxb7 c2 58. Rb6 c1=Q+ 59. Rxc1 Qxc1+ 60. Kh2 Qf4+ 61. Kg1 Qe3+ 62. Kf1 Kc2 63. Rb8 Nc3 64. Rd8 Qc1+ 65. Kf2 Qg5 66. Rc8 Qxa5 67. Ng6 Qb6+ 68. Kg3 Qxg6+ 69. Kf2 Qf5 70. g4 Qf4 71. Rf8 Qxf8 72. Kg2 Qg8 73. Kg3 a5 74. f4 a4 75. g5 a3 76. f5 a2 77. Kf4 a1=Q 78. g6 Qf1+ 79. Kg5 Qxf5+ 80. Kh6 Qfxg6# 0-1


[Site "https://www.chess.com"]

[Event "Titled Tuesday Blitz July 13 2021"]
[White "Paravyan, David"]
[Black "Timofeev, Artyom"]
[WhiteFideId "4194985"]
[BlackFideId "4140419"]
[WhiteElo "2881"]
[BlackElo "2811"]
[Result "1/2-1/2"]
[Round "09"]
[TimeControl "180+1"]
[Date "2021.07.13"]
[WhiteClock "0:00:06"]
[BlackClock "0:01:25"]

1. c4 c5 2. b3 d6 3. Bb2 e5 4. Nc3 g6 5. g3 Bg7 6. Bg2 Nc6 7. e3 Nge7 8. Nge2 O-O 9. h4 h6 10. O-O Bg4 11. d3 Qd7 12. Qd2 Bh3 13. Nd5 Bxg2 14. Kxg2 Nxd5 15. cxd5 Ne7 16. e4 f5 17. f4 fxe4 18. dxe4 Qg4 19. Qd3 exf4 20. Bxg7 f3+ 21. Rxf3 Rxf3 22. Qxf3 Qxf3+ 23. Kxf3 Kxg7 24. Ke3 g5 25. h5 Ng8 26. Nc3 Nf6 27. Nb5 Rd8 28. Nc7 Kf7 29. Rf1 Ke7 30. Ne6 Rg8 31. b4 cxb4 32. Rc1 Ng4+ 33. Kd4 Ne5 34. Rc7+ Kf6 35. Rxb7 a5 36. Rb6 Rc8 37. Rxd6 Rc4+ 38. Ke3 Rc3+ 39. Ke2 Nc4 40. Rc6 Ke5 41. Nc5 Rc2+ 42. Kd3 Rc3+ 43. Ke2 Rc2+ 44. Kd3 Rc3+ 45. Ke2 1/2-1/2


[Site "https://www.chess.com"]

[Event "Titled Tuesday Blitz July 13 2021"]
[White "Pert, Richard G"]
[Black "Kubatko, Ivan"]
[WhiteFideId "404748"]
[BlackFideId "24111473"]
[WhiteElo "2441"]
[BlackElo "2285"]
[Result "1-0"]
[Round "09"]
[TimeControl "180+1"]
[Date "2021.07.13"]
[WhiteClock "0:00:29"]
[BlackClock "0:00:02"]

1. d4 d5 2. Bg5 c5 3. e4 dxe4 4. d5 h6 5. Be3 Nd7 6. Nc3 Ngf6 7. Nge2 a6 8. Ng3 Qc7 9. Ngxe4 b5 10. Qf3 Bb7 11. Bf4 Qb6 12. O-O-O O-O-O 13. Bg3 g5 14. Nxf6 Nxf6 15. Qf5+ Rd7 16. d6 b4 17. Na4 Qc6 18. Nxc5 e6 19. Qxf6 Qxc5 20. Qxh8 Be4 21. Bd3 Bxd3 22. Rxd3 Rd8 23. Qd4 1-0


[Site "https://www.chess.com"]

[Event "Titled Tuesday Blitz July 13 2021"]
[White "Pinto, Daniel"]
[Black "Shahinyan, David"]
[WhiteFideId "3303144"]
[BlackFideId "13304380"]
[WhiteElo "1936"]
[BlackElo "2372"]
[Result "1-0"]
[Round "09"]
[TimeControl "180+1"]
[Date "2021.07.13"]
[WhiteClock "0:00:23"]
[BlackClock "0:01:02"]

1. e4 c5 2. Nf3 Nc6 3. Bb5 g6 4. Bxc6 dxc6 5. O-O Bg7 6. h3 Nf6 7. Nc3 Nd7 8. d3 e5 9. Nh2 Nf8 10. f4 exf4 11. Bxf4 Ne6 12. Bd2 b6 13. Kh1 O-O 14. e5 h5 15. g4 Qh4 16. Be1 Qg5 17. Nf3 Qf5 18. gxf5 gxf5 19. Nh4 Nd4 20. Qxh5 c4 21. Rg1 cxd3 22. Qh6 1-0


[Site "https://www.chess.com"]

[Event "Titled Tuesday Blitz July 13 2021"]
[White "Plotnikov, Pavel"]
[Black "Perez Rodriguez, Luis Manuel"]
[WhiteFideId "4170342"]
[BlackFideId "3503364"]
[WhiteElo "2298"]
[BlackElo "2429"]
[Result "1/2-1/2"]
[Round "09"]
[TimeControl "180+1"]
[Date "2021.07.13"]
[WhiteClock "0:00:03"]
[BlackClock "0:00:04"]

1. e4 e5 2. Nf3 Nc6 3. Bc4 Nf6 4. d3 Be7 5. O-O O-O 6. c3 d5 7. exd5 Nxd5 8. Re1 Bg4 9. h3 Bh5 10. Na3 Kh8 11. Nc2 f6 12. Ne3 Nb6 13. Be6 Qd6 14. Bg4 Bxg4 15. hxg4 Rad8 16. d4 exd4 17. cxd4 Qd7 18. Nf5 Bb4 19. Bd2 Bxd2 20. Qxd2 g6 21. Nh6 Kg7 22. g5 Nd5 23. Re4 Rde8 24. Rae1 Rxe4 25. Rxe4 Re8 26. Qe2 Rxe4 27. Qxe4 fxg5 28. Nxg5 Nf6 29. Ne6+ Kh8 30. Qe1 Qe7 31. Qe2 Ng8 32. Nxg8 Kxg8 33. d5 Nd8 34. Qc4 Nxe6 35. dxe6 c6 36. f3 Kg7 37. g4 Kf6 38. Kg2 Qxe6 39. g5+ Kf7 40. Qf4+ Kg8 41. Qb8+ Kg7 42. Qxb7+ Qf7 43. Qxf7+ Kxf7 44. f4 Ke6 45. Kf3 Kf5 46. b3 a6 47. Ke3 Kg4 48. Ke4 Kg3 49. Ke5 Kg4 50. a4 a5 51. Ke4 Kg3 52. Ke5 Kg4 53. Ke4 Kg3 54. Ke3 Kg4 55. Ke4 1/2-1/2


[Site "https://www.chess.com"]

[Event "Titled Tuesday Blitz July 13 2021"]
[White "Pourkashiyan, Atousa"]
[Black "Sellitti, Federico"]
[WhiteFideId "12502014"]
[BlackFideId "821829"]
[WhiteElo "2285"]
[BlackElo "2589"]
[Result "1-0"]
[Round "09"]
[TimeControl "180+1"]
[Date "2021.07.13"]
[WhiteClock "0:00:16"]
[BlackClock "0:00:08"]

1. e4 c5 2. Nf3 Nf6 3. e5 Nd5 4. Nc3 Nxc3 5. dxc3 Nc6 6. Bc4 e6 7. O-O Qc7 8. Re1 b6 9. Bf4 Bb7 10. Qd2 h6 11. Rad1 O-O-O 12. Qe2 Kb8 13. a3 f5 14. h4 Be7 15. h5 g5 16. hxg6 Rdg8 17. Qd2 Kc8 18. b4 Rxg6 19. Bf1 Rhg8 20. Be3 Nxe5 21. Nxe5 Qxe5 22. Qxd7+ Kb8 23. Qxe7 Qe4 24. Rd8+ Bc8 25. Rxg8 Rxg8 26. Bd2 Qd5 27. Bf4+ Ka8 28. Qd6 Qb7 29. g3 1-0


[Site "https://www.chess.com"]